 Dungeon Crawl Stone Soup version 0.26-a0-30-g56b8cd3df0 (webtiles) character file.

Game seed: 9764271403709901094, levelgen mode: deterministic

6778 Gwenloh the Blocker (level 10, 0/88 HPs)
             Began as a Minotaur Fighter on May 28, 2020.
             Was an Initiate of Gozag.
             Slain by an unseen horror (3 damage)
             ... on level 10 of the Dungeon.
             The game lasted 00:36:16 (11953 turns).

Gwenloh the Blocker (Minotaur Fighter)             Turns: 11953, Time: 00:36:17

Health: 0/88       AC: 20    Str: 22    XL:     10   Next: 76%
Magic:  9/9        EV: 10    Int:  5    God:    Gozag
Gold:   765        SH: 12    Dex: 12    Spells: 9/9 levels left

rFire    + . .     SeeInvis .   a - +0 war axe
rCold    + . .     Gourm    .   c - +0 kite shield
rNeg     . . .     Faith    +   M - +0 plate armour
rPois    +         Spirit   .   (helmet restricted)
rElec    +         Reflect  .   (no cloak)
rCorr    +         Harm     .   x - +0 pair of gloves
MR       +++..                  (no boots)
Stlth    ..........             P - amulet of Liberalism {Faith MR+++ Str+2 Dex-2 Stlth+}
HPRegen  0.24/turn              y - +4 ring of protection
MPRegen  0.11/turn              (no ring)

@: mighty, resistant (expiring), stab, very slightly contaminated, studying Bows
A: retaliatory headbutt, horns 2
a: Potion Petition, Call Merchant, Bribe Branch, Renounce Religion


You were on level 10 of the Dungeon.
You worshipped Gozag.
Gozag was pleased with you.
You were not hungry.

You visited 2 branches of the dungeon, and saw 11 of its levels.

You collected 1509 gold pieces.
You spent 143 gold pieces at shops.
You paid 601 gold pieces to Gozag.

Inventory:

Hand Weapons
 a - a +0 war axe (weapon)
 b - a +0 hunting sling
 D - a +3 spear of venom
 G - the +5 halberd "Luaxag" {antimagic, Int+4 Dex+6}
   (You found it on level 4 of the Dungeon)

   It reduces the magical energy of the wielder, and disrupts the spells and
   magical abilities of those hit.
   Natural abilities and divine invocations are not affected.
   It affects your intelligence (+4).
   It affects your dexterity (+6).
Missiles
 i - 266 stones
 r - 15 bolts
 t - 39 sling bullets
 u - 23 poisoned darts (quivered)
 z - 2 throwing nets
Armour
 c - a +0 kite shield (worn)
 s - a +0 chain mail
 x - a +0 pair of gloves (worn)
 M - a +0 plate armour (worn)
Jewellery
 y - a +4 ring of protection (left hand)
 N - an uncursed amulet of the acrobat
 P - the amulet of Liberalism (around neck) {Faith MR+++ Str+2 Dex-2 Stlth+}
   (You found it on level 8 of the Dungeon)

   [amulet of faith]

   It allows you to gain divine favour quickly.
   It affects your strength (+2).
   It affects your dexterity (-2).
   It affects your resistance to hostile enchantments.
   It makes you more stealthy.
Wands
 A - a wand of paralysis (7)
 B - a wand of polymorph (21)
Scrolls
 g - 2 scrolls of fear {unknown}
 h - 5 scrolls of teleportation
 j - 2 scrolls of magic mapping {unknown}
 l - 6 scrolls of remove curse
 m - 2 scrolls of fog {unknown}
 n - a scroll of noise {unknown}
 o - 5 scrolls of identify {unknown}
 E - a scroll of immolation {unknown}
 F - a scroll of enchant armour {unknown}
 I - a scroll of blinking {unknown}
 L - a scroll of holy word {unknown}
Potions
 d - a potion of might
 e - 5 potions of lignification {unknown}
 k - 6 potions of curing
 p - 3 potions of flight {unknown}
 q - 2 potions of stabbing {unknown}
 v - 2 potions of haste {unknown}
 w - a potion of brilliance {unknown}
 O - a potion of berserk rage {unknown}
Books
 C - a manual of Bows
Miscellaneous
 H - a lightning rod (3/4)
Comestibles
 f - 9 rations


   Skills:
 + Level 7.7 Fighting
 + Level 7.3 Axes
 * Level 10.5 Armour
 * Level 9.1 Dodging
 * Level 10.5 Shields


You had 9 spell levels left.
You didn't know any spells.
Your spell library contained the following spells:

 Spells                   Type           Power        Failure   Level  Hunger
 Corona                   Hex            #......      100%        1    ##.....
 Ensorcelled Hibernation  Hex/Ice        #.....       100%        2    ###....
 Confusing Touch          Hex            #.......     100%        3    ####...
 Dazzling Flash           Conj/Hex       #.....       100%        3    ####...
 Gell's Gravitas          Tloc           #.........   100%        3    ####...
 Tukima's Dance           Hex            #.......     100%        3    ####...
 Petrify                  Tmut/Erth      #.......     100%        4    #####..
 Metabolic Englaciation   Hex/Ice        #.........   100%        5    ######.
 Yara's Violent Unravell  Hex/Tmut       #.........   100%        5    ######.


Dungeon Overview and Level Annotations

Branches:
Dungeon (10/15)            Temple (1/1) D:7
   Lair: D:8-11         Orc: D:9-12

Altars:
Ashenzari
Cheibriados
Dithmenos
Elyvilon
Fedhas
Gozag
Hepliaklqana
Kikubaaqudgha
Makhleb
Okawaru
Qazlal
Ru
Sif Muna
Trog
Uskayaw
Vehumet
Wu Jian
Xom
Yredelemnul
Zin
The Shining One

Shops:
D:7 !   D:10 %

Annotations:
D:2 Dirian's ghost, amateur MiFi
D:7 exclusion: oklob plant


Innate Abilities, Weirdness & Mutations

You reflexively headbutt those who attack you in melee.
You have a pair of horns on your head.


Message History

The two-headed ogre hits you with a +0 giant club.
* * * LOW HITPOINT WARNING * * *
You feel very mighty all of a sudden. Something hits you but does no damage.
You block the two-headed ogre's attack. The two-headed ogre closely misses you.
You slash the two-headed ogre!
The two-headed ogre is moderately wounded.
Something hits you but does no damage. x2
You slice the two-headed ogre!!
The two-headed ogre is heavily wounded.
You closely miss something. Something hits you.
* * * LOW HITPOINT WARNING * * *
The two-headed ogre hits you with a +0 giant club.
* * * LOW HITPOINT WARNING * * *
You block the two-headed ogre's attack.
You slash the two-headed ogre! You headbutt the two-headed ogre.
The two-headed ogre is severely wounded.
Something hits you.
You die...
Your body crumbles into a pile of gold.

..... #.........#
.YZ.. #....$....#
.....#
#.........#
#####.....(...#
#.............# $
.###.............
#..)......####
##.######## #@#
#.O.....#
#######'#


You could see a two-headed ogre.

Vanquished Creatures
  Harold (D:9)
  A two-headed ogre (D:8)
  A manticore (D:9)
  A queen bee (D:8)
  Grinder (D:4)
  A hippogriff (D:7)
  6 yaks
  Eustachio (D:6)
  Menkaure (D:4)
  3 orc warriors
  An ice beast (D:8)
  An eye of draining (D:10)
  3 ogres
  A centaur (D:9)
  A bullfrog (D:7)
  5 scorpions
  13 killer bees (D:8)
  A howler monkey (D:10)
  5 wights (D:7)
  3 crimson imps
  2 bullfrog zombies (D:9)
  7 hounds
  2 jellies
  6 orc priests
  4 bullfrog skeletons
  4 iguanas
  2 centaur skeletons
  6 worker ants
  4 orc wizards
  A hound skeleton (D:7)
  A worker ant zombie (D:5)
  11 gnolls
  7 adders
  A shadow imp (D:5)
  3 adder skeletons
  3 dart slugs
  8 leopard geckos
  22 orcs
  3 bats
  2 giant cockroaches
  7 goblins
  9 hobgoblins
  7 jackals
  3 kobolds (D:2)
  4 quokkas
  A ball python (D:1)
  7 frilled lizards
  A jackal zombie (D:6)
  3 leopard gecko skeletons
  A quokka skeleton (D:4)
  10 rats
  A bush (D:1)
204 creatures vanquished.

Vanquished Creatures (others)
  6 plants (D:3)
6 creatures vanquished.

Grand Total: 210 creatures vanquished

Notes
Turn   | Place    | Note
-------+----------+-------------------------------------------
     0 | D:1      | Gwenloh the Minotaur Fighter began the quest for the Orb.
     0 | D:1      | Reached XP level 1. HP: 19/19 MP: 0/0
   356 | D:1      | Reached XP level 2. HP: 23/27 MP: 1/1
   521 | D:1      | Reached skill level 1 in Dodging
  1467 | D:2      | Reached XP level 3. HP: 29/33 MP: 2/2
  1978 | D:2      | Reached XP level 4. HP: 10/40 MP: 3/3
  2535 | D:2      | Found an opulent altar of Gozag.
  2555 | D:2      | Became a worshipper of Gozag Ym Sagoz the Greedy
  2833 | D:2      | Found a shimmering blue altar of Sif Muna.
  3103 | D:3      | Found a transporter.
  3124 | D:3      | Noticed Dirian's ghost (amateur MiFi)
  3175 | D:3      | Found a transporter.
  3414 | D:3      | Reached XP level 5. HP: 45/46 MP: 4/4
  3505 | D:3      | Found a glowing golden altar of the Shining One.
  3702 | D:3      | Paralysed by a gnoll for 2 turns
  3773 | D:3      | Paralysed by a gnoll for 3 turns
  3787 | D:3      | Paralysed by a gnoll for 2 turns
  3792 | D:3      | Paralysed by a gnoll for 4 turns
  4174 | D:3      | Reached skill level 5 in Shields
  4267 | D:4      | Reached skill level 5 in Armour
  4372 | D:4      | Found a blossoming altar of Fedhas.
  4439 | D:4      | Reached XP level 6. HP: 51/53 MP: 5/5
  4696 | D:4      | Found a shimmering altar of Xom.
  4697 | D:4      | Found a hazy altar of Hepliaklqana.
  4698 | D:4      | Noticed a spectral ugly thing
  4757 | D:4      | Noticed Grinder
  4780 | D:4      | Reached XP level 7. HP: 46/60 MP: 6/6
  5089 | D:4      | Killed Grinder
  5089 | D:4      | Reached skill level 5 in Fighting
  5525 | D:4      | Noticed Menkaure
  5678 | D:4      | Killed Menkaure
  5678 | D:4      | Reached skill level 5 in Dodging
  5678 | D:4      | Reached XP level 8. HP: 68/68 MP: 7/7
  5952 | D:4      | Got a dazzling halberd
  5958 | D:4      | Identified the +5 halberd "Luaxag" {antimagic, Int+4 Dex+6}
                  | (You found it on level 4 of the Dungeon)
  6033 | D:5      | Entered Level 5 of the Dungeon
  6532 | D:5      | Found a sacrificial altar of Ru.
  6877 | D:6      | Reached skill level 5 in Axes
  7381 | D:6      | Noticed Eustachio
  7412 | D:6      | Killed Eustachio
  7461 | D:6      | Found a stormy altar of Qazlal.
  7972 | D:7      | Found Loeha's Distillery.
  7992 | D:7      | Bought 2 potions of curing for 78 gold pieces
  7992 | D:7      | Bought a potion of heal wounds for 65 gold pieces
  8056 | D:7      | Noticed a hippogriff
  8067 | D:7      | Killed a hippogriff
  8197 | D:7      | Found a staircase to the Ecumenical Temple.
  8201 | Temple   | Entered the Ecumenical Temple
  8337 | D:7      | Reached XP level 9. HP: 75/75 MP: 8/8
  8496 | D:7      | Found a snail-covered altar of Cheibriados.
  8498 | D:7      | Noticed an oklob plant
  8750 | D:7      | Found a basalt altar of Yredelemnul.
  9393 | D:8      | Got a flickering ruby amulet
  9395 | D:8      | Identified the amulet of Liberalism {Faith MR+++ Str+2
                  | Dex-2 Stlth+} (You found it on level 8 of the Dungeon)
  9460 | D:8      | Noticed a two-headed ogre
  9477 | D:8      | Killed a two-headed ogre
  9834 | D:8      | Found a burning altar of Makhleb.
 10055 | D:8      | Noticed a queen bee
 10076 | D:8      | Killed a queen bee
 10099 | D:8      | Reached XP level 10. HP: 68/84 MP: 9/9
 10451 | D:8      | Upgraded the game from 0.26-a0-27-g1f0226971c to
                  | 0.26-a0-30-g56b8cd3df0
 10766 | D:9      | Noticed Harold
 10803 | D:9      | Killed Harold
 10803 | D:9      | Reached skill level 10 in Shields
 11174 | D:9      | Reached skill level 10 in Armour
 11299 | D:9      | Found a shattered altar of Ashenzari.
 11301 | D:9      | Found an ancient bone altar of Kikubaaqudgha.
 11479 | D:9      | Noticed a manticore
 11497 | D:9      | Killed a manticore
 11785 | D:10     | Entered Level 10 of the Dungeon
 11785 | D:10     | Found Weclyosk's Food Boutique.
 11947 | D:10     | Noticed a two-headed ogre
 11948 | D:10     | HP: 3/88 [something (7)]
 11953 | D:10     | Slain by an unseen horror

Illustrated notes

Levels and vault maps discovered:
D:1:      dpeg_arrival_arbitrary_b, layout_basic, serial_forest,
          infiniplex_forest_lined_ring, infiniplex_forest_pool,
          infiniplex_forest_straight_3, infiniplex_forest_clump_small,
          infiniplex_forest_side_room, infiniplex_forest_clump_tiny,
          infiniplex_forest_side_room, infiniplex_forest_pool,
          infiniplex_forest_lined_corner, minmay_misc_feat_alley
D:2:      layout_loops_ring, overflow_temple_1_default, led_sif_pool,
          serial_bayou, serial_bayou_lagoon_b, serial_bayou_pond_b,
          serial_bayou_lake_a, serial_bayou_pond_e, minmay_box_of_dots
D:3:      layout_basic, lemuel_round_altar, gammafunk_ghost_gnarly_gnolls
D:4:      layout_cave_pods, regret_index_temple_of_mockery,
          kennysheep_little_box, uniq_menkaure, uniq_grinder
D:5:      minmay_clustersquares, layout_gridville, old_standard_altar,
          first_ration
D:6:      layout_layer_cave, nicolae_overflow_crystal_walls, feat_on_display,
          uniq_eustachio
D:7:      layout_cave_pools, minmay_temple_entry_glassed_door, basic_altar,
          serial_shops, shop, lemuel_oklob_altar
D:8:      layout_basic, makhleb_heckhound_becter, david_nohive_1
D:9:      layout_loops_ring, nicolae_overflow_hidden_temple,
          chequers_decorated_corner, uniq_harold
D:10:     layout_roguey, orc_0_dummy, serial_shops, shop, minmay_ruined_shrine
Temple:   nicolae_temple_figure_zero

Skill      XL: |  1  2  3  4  5  6  7  8  9 10 |
---------------+-------------------------------+-----
Dodging        | 1 2 3 5 6 7 9 |  9.1
Shields        | 4 5 6 8 9 10 | 10.5
Armour         | 4 5 6 7 9 10 | 10.5
Fighting       | 4 5 6 7 |  7.7
Axes           | 3 4 5 6 7 |  7.3

Action                   |  1- 3 |  4- 6 |  7- 9 | 10-12 || total
-------------------------+-------+-------+-------+-------++-------
Melee: War axe           |   116 |    99 |   244 |   189 ||   648
       Headbutt          |    31 |    21 |    42 |    37 ||   131
       Spear             |       |    28 |     5 |       ||    33
 Fire: Hunting sling     |       |    15 |    17 |       ||    32
Throw: Stone             |    50 |    39 |     5 |       ||    94
       Boomerang         |       |    10 |    94 |       ||   104
       Dart              |       |       |     7 |    26 ||    33
       Throwing net      |       |       |     1 |       ||     1
Invok: Potion Petition   |       |       |     1 |     1 ||     2
Evoke: Lightning rod     |       |       |     6 |       ||     6
  Use: Scroll            |       |     2 |     1 |       ||     3
       Potion            |       |       |       |     5 ||     5
 Stab: Distracted        |       |     1 |     1 |     1 ||     3
       Sleeping          |       |       |     1 |    11 ||    12
       Invisible         |       |       |     1 |     1 ||     2
  Eat: Chunk             |     3 |     3 |       |       ||     6
       Ration            |       |     2 |     5 |     2 ||     9
Armor: Scale mail        |    22 |    11 |       |       ||    33
       Chain mail        |       |    30 |    65 |       ||    95
       Plate armour      |       |       |    38 |   145 ||   183
Dodge: Dodged            |    29 |    35 |   105 |    57 ||   226
Block: Kite shield       |    41 |    61 |   159 |   132 ||   393

Table legend:
 A = Non-vault XP
 B = Vault XP
 C = Vault XP percentage of total XP
 D = Non-vault monster count
 E = Vault monster count
 F = Vault count percentage of total count
                 A         B        C        D         E       F
            +---------+---------+-------+---------+---------+-------
      Total |    6734 |    2949 |  30.5 |     167 |      36 |  17.7
            +---------+---------+-------+---------+---------+-------
        D:1 |      30 |       2 |   6.2 |      15 |       1 |   6.2
        D:2 |     141 |      11 |   7.2 |      28 |       5 |  15.2
        D:3 |     150 |      72 |  32.4 |      11 |       5 |  31.2
        D:4 |     665 |     441 |  39.9 |      34 |       2 |   5.6
        D:5 |     233 |      65 |  21.8 |      13 |       6 |  31.6
        D:6 |     330 |     202 |  38.0 |       6 |       1 |  14.3
        D:7 |    1183 |       0 |   0.0 |      23 |       0 |   0.0
        D:8 |    1319 |    1175 |  47.1 |      10 |      15 |  60.0
        D:9 |    1658 |     981 |  37.2 |      14 |       1 |   6.7
       D:10 |    1025 |       0 |   0.0 |      13 |       0 |   0.0
            +---------+---------+-------+---------+---------+-------
